 Dungeon Crawl Stone Soup version 0.28-a0-706-gf6f64a616a (webtiles) character file.

Game seed: 10866364426073920596

91 KoroneIsBestGirl the Covered (level 4, 0/38 HPs)
             Began as a Barachi Fighter on Oct 24, 2021.
             Was an Initiate of the Shining One.
             Slain by a bullfrog (6 damage)
             ... in a sewer.
             The game lasted 00:02:23 (2604 turns).

KoroneIsBestGirl the Covered (Barachi Fighter)      Turns: 2604, Time: 00:02:23

Health: 0/38       AC:  7    Str: 17    XL:     4   Next: 59%
Magic:  4/4        EV:  9    Int: 10    God:    the Shining One [......]
Gold:   88         SH:  4    Dex: 11    Spells: 3/3 levels left

rFire   . . .      SeeInvis .   a - +0 long sword
rCold   . . .      Faith    .   c - +0 buckler
rNeg    . . .      Spirit   .   b - +0 scale mail
rPois   .          Reflect  .   (no helmet)
rElec   .          Harm     .   (no cloak)
rCorr   .          Rampage  .   (no gloves)
Will    .....                   (no boots)
Stlth   ..........              (no amulet)
HPRegen 0.12/turn               (no ring)
MPRegen 0.09/turn               (no ring)

@: unable to hop, attractive, glowing, slow
A: amphibious, slowness 1, strong legs 1, +LOS
a: Hop, Renounce Religion


You were in a sewer.
You worshipped the Shining One.
The Shining One was noncommittal.
You visited 1 branch of the dungeon, and saw 3 of its levels.
You also visited: Sewer.

You collected 88 gold pieces.

Inventory:

Hand Weapons
 a - a +0 long sword (weapon)
Missiles
 e - 130 stones
 i - a throwing net
Armour
 b - a +0 scale mail (worn)
 c - a +0 buckler (worn)
Scrolls
 g - a scroll of vulnerability {unknown}
 h - a scroll of teleportation {unknown}


   Skills:
 + Level 4.4 Fighting
 + Level 3.5 Long Blades
 + Level 4.4 Armour
 + Level 4.0 Shields


You had 3 spell levels left.
You didn't know any spells.
Your spell library was empty.

Dungeon Overview and Level Annotations

Branches:
Dungeon (3/15)              Sewer (1/1)

Altars:
Ru
The Shining One


Innate Abilities, Weirdness & Mutations

You are amphibious.
You cover ground slowly.
You can hop short distances.
You have an extended range of vision and can be seen from far away.


Message History

The bullfrog hits you.
The bullfrog hits you but does no damage.
The bullfrog barely misses you.
The bullfrog snags a nearby blue-tailed skink with its tongue.
The bullfrog hits you but does no damage.
The bullfrog hits you.
The bullfrog hits you but does no damage.
The bullfrog closely misses you. The bullfrog hits you.
* * * LOW HITPOINT WARNING * * *
You block the ball python's attack. The ball python grabs you.
The ball python constricts you. The bullfrog barely misses you.
Things that are here:
a frilled lizard corpse; a frilled lizard corpse; an adder corpse The ball python's grasp on you weakens, but your attempt to escape fails.
You block the bullfrog's attack. The bullfrog hits you.
* * * LOW HITPOINT WARNING * * *
The ball python bites you but does no damage.
The ball python constricts you. The bullfrog hits you.
* * * LOW HITPOINT WARNING * * *
You escape the ball python's grasp.
The bullfrog releases a deep croak.
The bullfrog closely misses you.
It was a potion of curing.
You feel better. The bullfrog barely misses you.
You block the bullfrog's attack.
It was a potion of attraction.
You feel attractive to monsters.
The bullfrog hits you but does no damage.
You slash the bullfrog!
The bullfrog is moderately wounded.
The bullfrog barely misses you. You block the bullfrog's attack.
You hit the bullfrog.
The bullfrog is moderately wounded.
The bullfrog hits you!
* * * LOW HITPOINT WARNING * * *
The bullfrog closely misses you.
You slash the bullfrog!
The bullfrog is severely wounded.
The bullfrog hits you but does no damage.
The bullfrog hits you.
You die...

#.≈≈≈≈≈≈..≈≈.≈ ###
#.≈≈≈≈≈≈≈≈...≈ #.#
#.≈≈≈≈≈≈≈≈≈/.≈ #∩#
#.≈≈≈≈≈≈≈.?/[. #.#
#.≈≈≈≈≈≈≈≈.?.≈ #∩#
#.≈≈≈.≈≈≈≈≈.≈≈ #.#
#.≈≈≈.≈≈≈≈≈≈≈≈ #@#
#.≈≈≈.≈≈≈≈≈≈≈≈
##F###.≈≈≈.≈≈≈≈≈≈≈≈
#FSl##.≈≈≈.#≈≈≈≈≈≈≈
#≈≈.##.≈≈≈.#≈≈≈≈≈≈≈
#..≈##.≈≈≈.###≈≈≈≈≈
#.≈.##.≈≈≈.# #####
#≈≈≈##≈≈≈≈.#
#≈≈≈##.≈≈≈≈#
##.≈≈##≈≈≈≈≈####


You could see 2 bullfrogs, a ball python and a frilled lizard.

Vanquished Creatures
  A river rat (D:3)
  3 adders
  2 dart slugs
  3 ball pythons
  4 endoplasms (D:1)
  5 giant cockroaches
  7 goblins
  2 hobgoblins (D:2)
  4 jackals (D:2)
  2 quokkas
  4 bats
  4 frilled lizards
  3 kobolds (D:1)
  4 rats (D:1)
48 creatures vanquished.

Notes
Turn   | Place    | Note
-------+----------+-------------------------------------------
     0 | D:1      | KoroneIsBestGirl the Barachi Fighter began the quest for
                  | the Orb.
     0 | D:1      | Reached XP level 1. HP: 18/18 MP: 1/1
   130 | D:1      | Reached XP level 2. HP: 23/25 MP: 2/2
   654 | D:1      | Reached XP level 3. HP: 30/30 MP: 3/3
   747 | D:1      | Found a faded altar of an unknown god.
   945 | D:1      | Prayed at the altar of an unknown god.
   945 | D:1      | Became a worshipper of Ru the Awakened
  1353 | D:2      | Found a glowing golden altar of the Shining One.
  1374 | D:2      | Fell from the grace of Ru
  1374 | D:2      | Became a worshipper of the Shining One
  1711 | D:2      | Reached XP level 4. HP: 30/37 MP: 4/4
  2214 | D:3      | Found a glowing drain.
  2516 | Sewer    | Entered a sewer
  2569 | Sewer    | Noticed a bullfrog
  2570 | Sewer    | Noticed a bullfrog
  2604 | Sewer    | Slain by a bullfrog

Illustrated notes

Levels and vault maps discovered:
D:1:      minmay_arrival_shattered_statue, layout_loops_corners,
          basic_ecumenical_altar
D:2:      layout_rooms, serial_co_window_serial, co_window_paths_a,
          co_window_corner_a, co_window_of_opportunity_a,
          co_window_of_opportunity_a, co_window_corner_a, co_window_corner_a,
          co_window_paths_b, co_window_2corner, co_window_broadway_a,
          co_window_cross_4, co_window_unsneaky_path_a, glass_columns_a,
          glass_columns_a, glass_columns_c, basic_altar, minmay_pentomino_o2
D:3:      layout_loops_cross, lemuel_doored_altar, portal_sewer_entry_e,
          uniq_jessica
Sewer:    sewer_frog_island_01

Skill      XL: |  1  2  3  4 |
---------------+-------------+-----
Fighting       | 4 |  4.4
Armour         | 4 |  4.4
Long Blades    | 3 |  3.5
Shields        | 4 |  4.0

Action                   |  1- 3 |  4- 6 || total
-------------------------+-------+-------++-------
Melee: Long sword        |   111 |    56 ||   167
 Abil: Hop               |       |     1 ||     1
  Use: Potion            |       |     4 ||     4
Armor: Scale mail        |    56 |    51 ||   107
Dodge: Dodged            |    61 |    63 ||   124
Block: Buckler           |    37 |    24 ||    61

Table legend: (Time is in decaauts)
 A = Elapsed time spent in this place.
 B = Non-inter-level travel time spent in this place.
 C = Inter-level travel time spent in this place.
 D = Time resting spent in this place.
 E = Time spent auto-exploring this place.
 F = Levels seen in this place.
 G = Mean time per level.
                   A        B        C        D        E       F      G
               +--------+--------+--------+--------+--------+-----+--------+
         Total |   2954 |   2705 |    249 |    278 |   2019 |   4 |  738.5 |
       Dungeon |   2849 |   2600 |    249 |    278 |   1987 |   3 |  949.7 |
         Sewer |    105 |    105 |      0 |      0 |     32 |   1 |  105.0 |
               +--------+--------+--------+--------+--------+-----+--------+

Top non-repeatable levels by time:
     D:1: 1326 daAuts
     D:2: 1216 daAuts
     D:3: 306 daAuts
   Sewer: 105 daAuts
